 Dungeon Crawl Stone Soup version 0.26-a0-1053-gaff5f71418 (webtiles) character file.

Game seed: 7495594504661108395

2840 vurker the Sneak (level 9, -1/66 HPs)
             Began as a Gnoll Enchanter on Dec 12, 2020.
             Was a Believer of Cheibriados.
             Slain by Gastronok (22 damage)
             ... on level 8 of the Dungeon.
             The game lasted 00:14:31 (8333 turns).

vurker the Sneak (Gnoll Enchanter)                  Turns: 8333, Time: 00:14:31

Health: -1/66      AC: 11    Str: 22    XL:     9   Next: 74%
Magic:  19/19      EV: 17    Int: 26    God:    Cheibriados [**....]
Gold:   369        SH: 12    Dex: 27    Spells: 21/21 levels left

rFire    . . .     SeeInvis .   s - +5 war axe "Meolaq Tuho" {freeze, Dex+4}
rCold    . . .     Faith    .   b - +0 buckler
rNeg     . . .     Spirit   .   h - +0 chain mail
rPois    .         Reflect  +   l - +1 helmet
rElec    .         Harm     .   w - scarf {+Inv}
rCorr    .         Rampage  .   (no gloves)
Will     .....                  (no boots)
Stlth    +.........             y - amulet of reflection
HPRegen  0.21/turn              n - +4 ring of evasion
MPRegen  0.16/turn              e - +6 ring of strength

@: very slightly contaminated, invisible, very slow
A: distributed training, fangs 1, strong nose
a: Bend Time, Renounce Religion, Evoke Invisibility


You were on level 8 of the Dungeon.
You worshipped Cheibriados.
Cheibriados was pleased with you.
You visited 2 branches of the dungeon, and saw 9 of its levels.

You collected 369 gold pieces.

Inventory:

Hand Weapons
 i - a +2 whip of freezing
   (You found it on level 1 of the Dungeon)
 s - the +5 war axe "Meolaq Tuho" (weapon) {freeze, Dex+4}
   (You found it on level 6 of the Dungeon)

   It has been specially enchanted to freeze those struck by it, causing extra
   injury to most foes and up to half again as much damage against particularly
   susceptible opponents.
   It can also slow down cold-blooded creatures.
   It affects your dexterity (+4).
 v - a +0 broad axe
   (You found it on level 6 of the Dungeon)
Armour
 b - a +0 buckler (worn)
   (You found it on level 1 of the Dungeon)
 h - a +0 chain mail (worn)
   (You found it on level 1 of the Dungeon)
 k - a +0 cloak
   (You found it on level 4 of the Dungeon)
 l - a +1 helmet (worn)
   (You found it on level 2 of the Dungeon)
 w - a scarf of invisibility (worn)
   (You found it on level 7 of the Dungeon)
Jewellery
 d - an uncursed ring of see invisible
   (You found it on level 4 of the Dungeon)
 e - a +6 ring of strength (right hand)
   (You found it on level 1 of the Dungeon)
 n - a +4 ring of evasion (left hand)
   (You took it off a goblin on level 2 of the Dungeon)
 u - an uncursed ring of protection from cold
   (You found it on level 1 of the Dungeon)
 y - an amulet of reflection (around neck)
   (You found it on level 7 of the Dungeon)
Wands
 c - a wand of disintegration (5)
   (You found it on level 6 of the Dungeon)
Scrolls
 a - 2 scrolls of enchant weapon
 f - a scroll of enchant armour
 g - 2 scrolls of remove curse
 o - 3 scrolls of identify
 z - a scroll of immolation {unknown}
Potions
 j - a potion of mutation
 m - 6 potions of might
 q - 2 potions of curing
 t - a potion of magic {unknown}
 x - a potion of heal wounds


   Skills:
 + Level 4.5 Fighting
 + Level 5.3 Short Blades
 + Level 4.5 Long Blades
 + Level 4.5 Axes
 + Level 4.5 Maces & Flails
 + Level 4.5 Polearms
 + Level 4.5 Staves
 + Level 4.5 Slings
 + Level 4.5 Bows
 + Level 4.5 Crossbows
 + Level 4.5 Throwing
 + Level 4.5 Armour
 + Level 6.5 Dodging
 + Level 7.6 Stealth
 + Level 4.5 Shields
 + Level 4.5 Unarmed Combat
 + Level 6.8 Spellcasting
 + Level 3.7 Conjurations
 + Level 6.7 Hexes
 + Level 3.7 Summonings
 + Level 3.7 Necromancy
 + Level 3.7 Translocations
 + Level 3.7 Transmutations
 + Level 3.7 Fire Magic
 + Level 3.7 Ice Magic
 + Level 3.7 Air Magic
 + Level 3.7 Earth Magic
 + Level 3.7 Poison Magic
 + Level 5.0 Invocations
 + Level 4.5 Evocations


You had 21 spell levels left.
You didn't know any spells.
Your spell library contained the following spells:

 Spells                   Type           Power        Failure   Level
 Corona                   Hex            #####..      3%          1
 Ensorcelled Hibernation  Hex/Ice        #####.       9%          2
 Confusing Touch          Hex            #####...     10%         3
 Tukima's Dance           Hex            #####...     10%         3
 Dazzling Flash           Conj/Hex       #####.       19%         3


Dungeon Overview and Level Annotations

Branches:
Dungeon (8/15)             Temple (1/1) D:4
   Lair: D:8-11

Altars:
Ashenzari
Cheibriados
Dithmenos
Elyvilon
Fedhas
Hepliaklqana
Kikubaaqudgha
Nemelex Xobeh
Okawaru
Qazlal
Ru
Sif Muna
Trog
Vehumet
Wu Jian
Xom
Yredelemnul
Zin
The Shining One

Annotations:
D:8 Gastronok


Innate Abilities, Weirdness & Mutations

Your experience applies equally to all skills.
You have very sharp teeth.
Your uncanny sense of smell can sniff out nearby items.


Message History

Cheibriados thoroughly appreciates the change of pace.
No target in view!
No target in view!
No target in view!
No target in view!
No target in view!
No target in view!
No target in view!
No target in view!
No target in view!
You see here a bullfrog corpse.
Done exploring.
Done exploring.
Done exploring.
Done exploring.
You start removing your amulet.
You continue taking off your amulet of magic regeneration. x4
You finish taking off your amulet of magic regeneration.
You start putting on your amulet.
You continue putting on your dented citrine amulet. x5
You finish putting on your uncursed amulet of reflection.
You feel a shielding aura gather around you.
y - an amulet of reflection (around neck) Drop what? 26/52 slots (_ for help) (? for menu, Esc to quit)
Autopickup disabled for amulets of magic regeneration.
You drop an uncursed amulet of magic regeneration.
Done exploring.
Done exploring.
There is an open door here.
There is a sacrificial altar of Ru here.
There is an open door here.
There is a stone staircase leading down here.
You climb downwards.
Gastronok the Ponderous comes into view.
Gastronok gurgles horribly!
You hear an angry buzzing noise.
Found 34 gold pieces and 23 stones.
There is a stone staircase leading up here.
Aim: Gastronok, wearing a +1 hat (chance to affect: 32%)
Okay, then.
A hornet comes into view.
You slash Gastronok! You freeze Gastronok. Gastronok bites you!!
You slash Gastronok! You freeze Gastronok. Gastronok bites you!!
* * * LOW HITPOINT WARNING * * *
You fade into invisibility!
You block the hornet's attack.
You are very lightly contaminated with residual magic.
You slash the hornet! You freeze the hornet. Your bite misses the hornet.
You slash Gastronok! You freeze Gastronok. You block the hornet's attack. x2
Gastronok bites you!!
You die...

..#
..###
###
#....#
..#
.....#
#.#
###....
#.##...(
#....#
#.y<#
#$.@#
#.$.w#
#.###.#
... #.
#.. #.
#.. #.
... ..
.#


You could see Gastronok and a hornet.

Vanquished Creatures
  A wizard (D:7)
  Sigmund (D:4)
  Duvessa (D:4)
  2 sky beasts
  An ice beast (D:7)
  3 ogres
  A centaur (D:5)
  A big kobold (D:7)
  2 bullfrogs (D:7)
  Dowan (D:4)
  2 scorpions
  3 killer bees (D:7)
  3 howler monkeys (D:5)
  An electric eel (D:7)
  A centaur zombie (D:6)
  5 hounds
  A bullfrog skeleton (D:6)
  4 orc priests
  An iguana (D:4)
  4 orc wizards
  A centaur skeleton (D:5)
  3 worker ants
  6 adders
  4 white imps
  An ufetubus (D:2)
  An ooze (D:1)
  An adder zombie (D:7)
  3 adder skeletons
  5 worms
  2 dart slugs
  4 leopard geckos
  13 orcs
  5 bats
  2 bat skeletons (D:5)
  3 bat zombies (D:5)
  7 giant cockroaches
  13 goblins
  8 hobgoblins
  16 jackals
  14 kobolds
  5 quokkas
  2 ball pythons
  8 frilled lizards
  A jackal skeleton (D:7)
  A jackal zombie (D:4)
  A quokka skeleton (D:4)
  10 rats
179 creatures vanquished.

Notes
Turn   | Place    | Note
-------+----------+-------------------------------------------
     0 | D:1      | vurker the Gnoll Enchanter began the quest for the Orb.
     0 | D:1      | Reached XP level 1. HP: 13/13 MP: 6/6
   130 | D:1      | Reached XP level 2. HP: 16/19 MP: 7/7
   651 | D:1      | Reached XP level 3. HP: 19/25 MP: 9/9
   746 | D:1      | Reached skill level 5 in Spellcasting
   773 | D:1      | Reached skill level 6 in Stealth
  1137 | D:2      | Reached skill level 1 in Invocations
  1196 | D:2      | Reached skill level 1 in Fighting
  1196 | D:2      | Reached skill level 1 in Long Blades
  1196 | D:2      | Reached skill level 1 in Axes
  1196 | D:2      | Reached skill level 1 in Maces & Flails
  1196 | D:2      | Reached skill level 1 in Polearms
  1196 | D:2      | Reached skill level 1 in Staves
  1196 | D:2      | Reached skill level 1 in Slings
  1196 | D:2      | Reached skill level 1 in Bows
  1196 | D:2      | Reached skill level 1 in Crossbows
  1196 | D:2      | Reached skill level 1 in Throwing
  1196 | D:2      | Reached skill level 1 in Armour
  1196 | D:2      | Reached skill level 1 in Shields
  1196 | D:2      | Reached skill level 1 in Unarmed Combat
  1196 | D:2      | Reached skill level 1 in Evocations
  1257 | D:2      | Reached XP level 4. HP: 10/32 MP: 11/11
  1675 | D:2      | Found a glowing golden altar of the Shining One.
  1683 | D:2      | Found a bloodstained altar of Trog.
  1683 | D:2      | Found a white marble altar of Elyvilon.
  1699 | D:2      | Reached skill level 1 in Conjurations
  1699 | D:2      | Reached skill level 1 in Summonings
  1699 | D:2      | Reached skill level 1 in Necromancy
  1699 | D:2      | Reached skill level 1 in Translocations
  1699 | D:2      | Reached skill level 1 in Transmutations
  1699 | D:2      | Reached skill level 1 in Fire Magic
  1699 | D:2      | Reached skill level 1 in Ice Magic
  1699 | D:2      | Reached skill level 1 in Air Magic
  1699 | D:2      | Reached skill level 1 in Earth Magic
  1699 | D:2      | Reached skill level 1 in Poison Magic
  1701 | D:2      | Reached XP level 5. HP: 9/37 MP: 12/12
  2129 | D:2      | Found a broken altar of Ashenzari.
  3370 | D:3      | Reached XP level 6. HP: 44/44 MP: 13/13
  3517 | D:3      | Found a shimmering blue altar of Sif Muna.
  3781 | D:4      | Found an ornate altar of the Wu Jian Council.
  3836 | D:4      | Reached skill level 5 in Dodging
  3857 | D:4      | Noticed Duvessa
  3864 | D:4      | Noticed Dowan
  4221 | D:4      | Noticed Sigmund
  4357 | D:4      | Killed Sigmund
  4358 | D:4      | Reached XP level 7. HP: 34/51 MP: 15/15
  4931 | D:4      | Found a staircase to the Ecumenical Temple.
  4997 | D:4      | Killed Duvessa
  5013 | D:4      | Killed Dowan
  5176 | Temple   | Entered the Ecumenical Temple
  5220 | Temple   | Became a worshipper of Cheibriados the Contemplative
  5278 | D:5      | Entered Level 5 of the Dungeon
  5387 | D:5      | Reached XP level 8. HP: 30/57 MP: 16/16
  5812 | D:5      | Found a broken altar of Ashenzari.
  5900 | D:5      | Reached skill level 7 in Stealth
  5916 | D:5      | Reached * piety under Cheibriados
  6296 | D:5      | Found an ancient bone altar of Kikubaaqudgha.
  6868 | D:6      | Got a polished war axe
  6869 | D:6      | Identified the +5 war axe "Meolaq Tuho" {freeze, Dex+4}
                  | (You found it on level 6 of the Dungeon)
  7051 | D:6      | Found a shadowy altar of Dithmenos.
  7224 | D:6      | Reached XP level 9. HP: 65/65 MP: 18/18
  7383 | D:7      | Found an iron altar of Okawaru.
  7387 | D:7      | Reached ** piety under Cheibriados
  7721 | D:7      | Noticed a wizard
  7737 | D:7      | Paralysed by a wizard for 5 turns
  7746 | D:7      | Killed a wizard
  7747 | D:7      | Reached skill level 5 in Short Blades
  7956 | D:7      | Found a shimmering altar of Xom.
  8032 | D:7      | Found a sacrificial altar of Ru.
  8060 | D:7      | Reached skill level 5 in Invocations
  8328 | D:8      | Noticed Gastronok
  8329 | D:8      | Noticed a hornet
  8333 | D:8      | Slain by Gastronok

Illustrated notes

Levels and vault maps discovered:
D:1:      eino_arrival_cavern_b, layout_basic, minmay_misc_feat_secret_circle
D:2:      layout_basic, general_overflow_altar, lemuel_crystal_altar,
          chequers_temple_overflow_statue_of_worship
D:3:      layout_rooms, tgw_sif, kennysheep_decorative_pillar
D:4:      layout_cave_pools, lemuel_round_altar, minmay_temple_entry_metal_lava,
          uniq_sigmund, uniq_duvessa
D:5:      layout_basic, kennysheep_vampire_church, ashenzari_altar_1
D:6:      layout_cave_pools, serial_column_ruins, column_ruins_grid_1,
          column_ruins_open_medium, column_ruins_open_tiny,
          column_ruins_columns_straight, kennysheep_diamond,
          hangedman_decor_points, grunt_dithmenos_smoke
D:7:      cheibrodos_wizards_tower, layout_loops_corners, kennysheep_mini_moat,
          tgw_xom, okawaru_trees_2
D:8:      layout_layer_cave, grunt_gozag_breadcrumbs, overflow_temple_1_default,
          uniq_gastronok
Temple:   jpeg_temple_island

Skill      XL: |  1  2  3  4  5  6  7  8  9 |
---------------+----------------------------+-----
Spellcasting   | 5 6 |  6.8
Stealth        | 6 7 |  7.6
Invocations    | 1 2 3 4 5 |  5.0
Fighting       | 1 2 3 4 |  4.5
Long Blades    | 1 2 3 4 |  4.5
Axes           | 1 2 3 4 |  4.5
Maces & Flails | 1 2 3 4 |  4.5
Polearms       | 1 2 3 4 |  4.5
Staves         | 1 2 3 4 |  4.5
Slings         | 1 2 3 4 |  4.5
Bows           | 1 2 3 4 |  4.5
Crossbows      | 1 2 3 4 |  4.5
Throwing       | 1 2 3 4 |  4.5
Armour         | 1 2 3 4 |  4.5
Shields        | 1 2 3 4 |  4.5
Unarmed Combat | 1 2 3 4 |  4.5
Evocations     | 1 2 3 4 |  4.5
Conjurations   | 1 2 3 |  3.7
Summonings     | 1 2 3 |  3.7
Necromancy     | 1 2 3 |  3.7
Translocations | 1 2 3 |  3.7
Transmutations | 1 2 3 |  3.7
Fire Magic     | 1 2 3 |  3.7
Ice Magic      | 1 2 3 |  3.7
Air Magic      | 1 2 3 |  3.7
Earth Magic    | 1 2 3 |  3.7
Poison Magic   | 1 2 3 |  3.7
Short Blades   | 3 4 5 |  5.3
Dodging        | 5 6 |  6.5
Hexes          | 6 |  6.7

Action                   |  1- 3 |  4- 6 |  7- 9 || total
-------------------------+-------+-------+-------++-------
Melee: Dagger            |    84 |       |       ||    84
       Bite              |    19 |    27 |    50 ||    96
       Whip              |    63 |   232 |   348 ||   643
       War axe           |       |       |    74 ||    74
Evoke: Wand              |       |       |     5 ||     5
  Use: Potion            |       |     3 |     2 ||     5
       Scroll            |       |     9 |     5 ||    14
 Stab: Sleeping          |     3 |       |       ||     3
Armor: Robe              |     3 |       |       ||     3
       Chain mail        |    74 |   118 |   204 ||   396
       Skin              |       |     3 |       ||     3
Dodge: Dodged            |    79 |    85 |   329 ||   493
Block: Buckler           |    13 |    46 |   129 ||   188

Table legend: (Time is in decaauts)
 A = Elapsed time spent in this place.
 B = Non-inter-level travel time spent in this place.
 C = Inter-level travel time spent in this place.
 D = Time resting spent in this place.
 E = Time spent auto-exploring this place.
 F = Levels seen in this place.
 G = Mean time per level.
                   A        B        C        D        E       F      G
               +--------+--------+--------+--------+--------+-----+--------+
         Total |   9230 |   8782 |    448 |    917 |   6205 |   9 | 1025.6 |
       Dungeon |   9136 |   8736 |    400 |    917 |   6168 |   8 | 1142.0 |
        Temple |     93 |     45 |     48 |      0 |     36 |   1 |   93.0 |
               +--------+--------+--------+--------+--------+-----+--------+

Top non-repeatable levels by time:
     D:3: 1535 daAuts
     D:5: 1517 daAuts
     D:2: 1439 daAuts
     D:7: 1408 daAuts
     D:1: 1302 daAuts
     D:6: 1018 daAuts
     D:4: 909 daAuts
  Temple: 93 daAuts
     D:8: 5 daAuts
